 Dungeon Crawl Stone Soup version 0.28-b1-38-gff268fdeb9 (webtiles) character file.

Game seed: 7193175545788904338

29043 Gabide the Fighter (level 13, -8/109 HPs)
             Began as a Mummy Fighter on Feb 3, 2022.
             Mangled by a two-headed ogre (16 damage)
             ... on level 2 of the Orcish Mines.
             The game lasted 00:52:47 (24226 turns).

Gabide the Fighter (Mummy Fighter)                 Turns: 24226, Time: 00:52:48

Health: -8/109     AC: 23    Str: 29    XL:     13   Next: 13%
Magic:  13/13      EV: 12    Int:  8    God:
Gold:   728        SH:  5    Dex: 12    Spells: 12/12 levels left

rFire   x . .      SeeInvis .   x - +2 flail (freeze)
rCold   + . .      Faith    .   c - +0 buckler
rNeg    + + +      Spirit   .   t - +3 plate armour
rPois   ∞          Reflect  .   f - +2 helmet
rElec   .          Harm     .   e - +0 cloak
rCorr   .          Rampage  .   (no gloves)
Will    +....                   i - +0 pair of boots
Stlth   ..........              (no amulet)
HPRegen 0.28/turn               w - +6 ring of strength
MPRegen 0.13/turn               q - +4 ring of evasion

@: no status effects
A: cold resistance 1, negative energy resistance 3, torment resistance 2, heat
vulnerability 1, in touch with death 1, no potions
a: no special abilities


You were on level 2 of the Orcish Mines.
You visited 2 branches of the dungeon, and saw 15 of its levels.
You visited 1 bazaar.

You collected 1313 gold pieces.
You spent 585 gold pieces at shops.

Inventory:

Hand Weapons
 d - a +2 whip of venom
 j - a +3 morningstar
 x - a +2 flail of freezing (weapon)
Armour
 c - a +0 buckler (worn)
 e - a +0 cloak (worn)
 f - a +2 helmet (worn)
 i - a +0 pair of boots (worn)
 t - a +3 plate armour (worn)
Jewellery
 a - a ring of ice
 b - a ring of flight
 h - a +6 ring of dexterity
 q - a +4 ring of evasion (right hand)
 r - a ring of wizardry
 w - a +6 ring of strength (left hand)
 z - a ring of magical power
 A - a ring of ice
Wands
 n - a wand of flame (15) (quivered)
 s - a wand of polymorph (3)
 v - a wand of iceblast (4)
Scrolls
 g - a scroll of fog
 l - 3 scrolls of holy word
 m - 2 scrolls of immolation
 o - 2 scrolls of vulnerability
 p - a scroll of fear
 u - 8 scrolls of identify
 y - a scroll of amnesia


   Skills:
 * Level 12.5 Fighting
 + Level 12.2 Maces & Flails
 + Level 8.8 Armour
 + Level 2.4 Dodging
 - Level 1.4 Stealth
 + Level 6.3 Shields


You had 12 spell levels left.
You didn't know any spells.
Your spell library contained the following spells:

 Spells                   Type           Power      Damage    Failure   Level
 Sting                    Tmut/Pois      0%         1d3       99%         1
 Summon Small Mammal      Summ           0%         N/A       99%         1
 Poisonous Vapours        Pois/Air       0%         N/A       100%        2
 Call Canine Familiar     Summ           0%         N/A       100%        3
 Frozen Ramparts          Ice            0%         1d2       100%        3
 Gell's Gravitas          Tloc           0%         N/A       100%        3
 Ignite Poison            Fire/Tmut/Pois 0%         N/A       100%        3
 Inner Flame              Hex/Fire       0%         N/A       100%        3
 Mephitic Cloud           Conj/Pois/Air  0%         N/A       100%        3
 Summon Guardian Golem    Hex/Summ       0%         N/A       100%        3
 Teleport Other           Tloc           0%         N/A       100%        3
 Tukima's Dance           Hex            0%         N/A       100%        3
 Anguish                  Hex/Necr       0%         N/A       100%        4
 Cause Fear               Hex            0%         N/A       100%        4
 Olgreb's Toxic Radiance  Pois           0%         N/A       100%        4
 Summon Ice Beast         Ice/Summ       0%         N/A       100%        4
 Freezing Cloud           Conj/Ice/Air   0%         6-21      100%        5
 Dispersal                Tloc           0%         N/A       100%        6
 Enfeeble                 Hex            0%         N/A       100%        7
 Discord                  Hex            0%         N/A       100%        8
 Ice Form                 Ice/Tmut       Unusable   N/A       N/A         4

Dungeon Overview and Level Annotations

Branches:
Dungeon (13/15)            Temple (0/1) D:5            Lair (0/6) D:10
    Orc (2/2) D:9             Elf (0/3) Orc:2
 Vaults: D:13-14

Altars:
The Shining One

Shops:
D:2 [

Annotations:
D:4 1 runed translucent door, Crazy Yiuf
Orc:1 Saint Roka


Innate Abilities, Weirdness & Mutations

You are immune to poison.
Your flesh is cold resistant. (rC+)
You are immune to negative energy. (rN+++)
You are immune to unholy pain and torment.
You are vulnerable to heat. (rF-)
You are in touch with the powers of death.
You do not drink.


Message History

You are too injured to fight recklessly!
You are too injured to fight recklessly!
You are too injured to fight recklessly!
You are too injured to fight recklessly!
You are too injured to fight recklessly!
You are too injured to fight recklessly!
You are too injured to fight recklessly!
You are too injured to fight recklessly!
You are too injured to fight recklessly!
You are too injured to fight recklessly!
You are too injured to fight recklessly!
You are too injured to fight recklessly!
You are too injured to fight recklessly!
You are too injured to fight recklessly!
As you read the scroll of teleportation, it crumbles to dust.
You feel strangely unstable.
Saint Roka calls down the wrath of Beogh upon you.
Beogh smites you!
* * * LOW HITPOINT WARNING * * *
Saint Roka invokes the aid of Beogh against you.
Beogh smites you!
* * * LOW HITPOINT WARNING * * *
Saint Roka mumbles some strange prayers to Beogh against you.
Beogh smites you!
* * * LOW HITPOINT WARNING * * *
The ogre closely misses you.
Your surroundings seem slightly different.
You start resting.
An ogre is nearby!
As you read the scroll of teleportation, it crumbles to dust.
You feel strangely unstable.
Your surroundings suddenly seem different.
There is a stone staircase leading down here.
You can't go up here!
You climb downwards.
You block the two-headed ogre's attack.
The two-headed ogre hits you with a +0 giant club!
* * * LOW HITPOINT WARNING * * *
An ogre comes into view. It is wielding a +0 giant club.
The two-headed ogre hits you with a +0 giant club!
You die...

###........# #.. #.##..#..O.#
..... #.. ...#.......## .....
##..
..###.....O.########..########...
...#.....#.......................
...##............................
.................................
.#....................#..........
....#....##..)..@....#...........
....##..##......O...............#
.#.##...#......................##
#####.......................<..#∩
##.#......................)##
##.........................#
##.............[[...........
#..............)[...........
##.#........................


You could see a two-headed ogre, an ogre mage and an ogre (wandering).

Vanquished Creatures
  Fannar (D:10)
  4 hydras (D:12)
  2 ogre magi
  A centaur warrior (D:9)
  14 two-headed ogres
  Nergalle (D:10)
  An orc sorcerer (Orc:2)
  3 cyclopes (D:11)
  3 manticores
  A gargoyle (D:11)
  5 trolls
  3 wraiths
  13 yaks
  3 wargs
  4 water moccasins
  17 orc warriors
  A swamp drake (D:4)
  A hornet zombie (D:8)
  A tengu (D:10)
  22 ogres
  A phantom (D:5)
  9 centaurs
  6 kobold brigands
  2 bullfrogs (D:7)
  3 scorpions
  2 water moccasin zombies (D:5)
  5 killer bees
  3 howler monkeys
  3 wights (D:10)
  8 centaur zombies
  A bullfrog skeleton (D:5)
  A jelly (D:5)
  5 hounds
  8 orc priests
  4 iguanas
  17 orc wizards
  A killer bee zombie (D:5)
  2 hound zombies (D:5)
  A hound skeleton (D:4)
  A gnoll (D:1)
  3 howler monkey skeletons
  17 adders
  A river rat (D:5)
  A shadow imp (D:6)
  A white imp (D:7)
  2 adder skeletons
  An adder zombie (D:5)
  3 worms
  3 dart slugs
  57 orcs
  4 bats (D:1)
  10 endoplasms
  5 giant cockroaches
  5 goblins
  5 hobgoblins
  5 jackals
  8 kobolds
  9 quokkas
  9 ball pythons
  4 frilled lizards
  7 rats
344 creatures vanquished.

Vanquished Creatures (collateral kills)
  An orc priest (D:5)
  An orc (D:5)
2 creatures vanquished.

Vanquished Creatures (others)
  4 withered plants (D:5)
4 creatures vanquished.

Grand Total: 350 creatures vanquished

Notes
Turn   | Place    | Note
-------+----------+-------------------------------------------
     0 | D:1      | Gabide the Mummy Fighter began the quest for the Orb.
     0 | D:1      | Reached XP level 1. HP: 18/18 MP: 1/1
    45 | D:1      | Reached XP level 2. HP: 9/24 MP: 2/2
   592 | D:1      | Reached XP level 3. HP: 29/29 MP: 3/3
   965 | D:2      | Found Henkud's Antique Armour Emporium.
  1283 | D:2      | Reached XP level 4. HP: 27/35 MP: 4/4
  1863 | D:3      | Reached XP level 5. HP: 30/42 MP: 5/5
  2873 | D:4      | Noticed a water moccasin
  2883 | D:4      | Killed a water moccasin
  2884 | D:4      | Reached XP level 6. HP: 24/48 MP: 6/6
  3064 | D:4      | Reached skill level 1 in Stealth
  4113 | D:2      | Reached XP level 7. HP: 52/55 MP: 7/7
  4533 | D:4      | Found a runed translucent door.
  4534 | D:4      | Noticed Crazy Yiuf
  4551 | D:5      | Entered Level 5 of the Dungeon
  5207 | D:5      | Reached skill level 5 in Maces & Flails
  5544 | D:5      | Found a staircase to the Ecumenical Temple.
  5554 | D:5      | Reached skill level 5 in Fighting
  5834 | D:5      | Reached XP level 8. HP: 58/62 MP: 8/8
  5974 | D:5      | Noticed Pikel
  5977 | D:5      | Noticed Pikel
  5977 | D:5      | Pikel changed into Pikel the wyvern
  6015 | D:4      | HP: 2/62 [Pikel the wyvern (7)]
  6016 | D:4      | Noticed Pikel
  6016 | D:4      | Pikel the wyvern changed into Pikel the swamp drake
  6327 | D:4      | Killed Pikel the swamp drake
  6595 | D:5      | Reached skill level 1 in Dodging
  7652 | D:6      | Reached XP level 9. HP: 70/70 MP: 9/9
  7831 | D:7      | Noticed a troll
  7842 | D:7      | Killed a troll
  8487 | D:8      | Noticed a two-headed ogre
  8614 | D:7      | Reached skill level 5 in Armour
  8997 | D:8      | Killed a two-headed ogre
  9268 | D:8      | Noticed a two-headed ogre
  9639 | D:8      | Killed a two-headed ogre
 10369 | D:8      | Reached XP level 10. HP: 80/80 MP: 10/10
 10835 | D:9      | Noticed a centaur warrior
 10851 | D:9      | Killed a centaur warrior
 11336 | D:9      | Found a staircase to the Orcish Mines.
 12710 | D:9      | Noticed a two-headed ogre
 13314 | D:10     | Entered Level 10 of the Dungeon
 13749 | D:10     | Reached skill level 5 in Shields
 13781 | D:10     | Noticed Nergalle
 13801 | D:10     | Killed Nergalle
 13802 | D:10     | Reached XP level 11. HP: 52/89 MP: 11/11
 14071 | D:10     | Noticed Fannar
 14113 | D:10     | Killed Fannar
 14327 | D:10     | Found a staircase to the Lair.
 14425 | D:10     | Noticed Maggie
 14428 | D:10     | Noticed Maggie
 14428 | D:10     | Maggie changed into Maggie the tengu
 14442 | D:10     | Killed Maggie the tengu
 15458 | D:11     | Reached skill level 10 in Maces & Flails
 15927 | D:11     | Reached skill level 10 in Fighting
 16579 | D:12     | Noticed a five-headed hydra
 16588 | D:12     | Killed a five-headed hydra
 16770 | D:12     | Noticed a six-headed hydra
 16775 | D:12     | Identified the +8 falchion of Starshine {vorpal, SInv}
 16781 | D:12     | Killed a six-headed hydra
 17164 | D:12     | Noticed a four-headed hydra
 17174 | D:12     | Killed a four-headed hydra
 17175 | D:12     | Reached XP level 12. HP: 64/99 MP: 12/12
 17936 | D:13     | Noticed a centaur warrior
 17947 | D:13     | Noticed a six-headed hydra
 18257 | D:12     | Killed a six-headed hydra
 18817 | D:9      | Killed a two-headed ogre
 18980 | Orc:1    | Entered Level 1 of the Orcish Mines
 20231 | Orc:2    | Entered Level 2 of the Orcish Mines
 20331 | Orc:2    | Noticed a two-headed ogre
 20331 | Orc:2    | Noticed a two-headed ogre
 20331 | Orc:2    | Noticed a two-headed ogre
 20331 | Orc:2    | Noticed a two-headed ogre
 20332 | Orc:2    | Noticed a two-headed ogre
 20332 | Orc:2    | Noticed a two-headed ogre
 20333 | Orc:2    | Noticed an ogre mage
 20340 | Orc:2    | Found a flickering gateway to a bazaar.
 20348 | Orc:2    | Noticed a two-headed ogre
 20354 | Bazaar   | Entered a bazaar
 20496 | Bazaar   | Found Kogeitt's Book Shop.
 20528 | Bazaar   | Found Seileac's Jewellery Shop.
 20582 | Bazaar   | Bought a +6 ring of strength for 585 gold pieces
 20617 | Orc:2    | Killed a two-headed ogre
 20620 | Orc:2    | Killed a two-headed ogre
 20626 | Orc:2    | Killed a two-headed ogre
 20632 | Orc:2    | Killed a two-headed ogre
 20644 | Orc:2    | Noticed a two-headed ogre
 20644 | Orc:2    | Noticed a two-headed ogre
 20947 | Orc:2    | Killed a two-headed ogre
 21017 | Orc:2    | Killed a two-headed ogre
 21288 | Orc:2    | Noticed a two-headed ogre
 21302 | Orc:2    | Killed a two-headed ogre
 21304 | Orc:2    | Noticed an ogre mage
 21588 | Orc:1    | Killed an ogre mage
 21597 | Orc:1    | Killed a two-headed ogre
 21788 | Orc:2    | Noticed an ogre mage
 21951 | Orc:2    | Killed a two-headed ogre
 21958 | Orc:2    | Killed an ogre mage
 21959 | Orc:2    | Gained mutation: You are in touch with the powers of death.
                  | [Mummy growth]
 21959 | Orc:2    | Reached XP level 13. HP: 67/109 MP: 13/13
 22311 | Orc:2    | Noticed Saint Roka
 22314 | Orc:2    | Found a staircase to the Elven Halls.
 24226 | Orc:2    | Mangled by a two-headed ogre

Illustrated notes

Levels and vault maps discovered:
D:1:      lightli_arrival_isolated_outpost, layout_loops_cross
D:2:      layout_loops_ring, serial_shops, shop, kennysheep_donut
D:3:      layout_rooms, minmay_statues_item
D:4:      layout_loops_ring, lightli_ossuary_entry_decrepit_ruins,
          uniq_crazy_yiuf_cottage
D:5:      layout_basic, minmay_temple_entry_grid, serial_undead,
          serial_undead_b, serial_undead_b, serial_undead_b, serial_undead_b,
          serial_undead_b, gup_sewer_entry_spiral, hangedman_decor_lopped,
          grunt_ministairs_13, uniq_pikel
D:6:      layout_loops_ring
D:7:      layout_basic, mainiacjoe_overflow_alcove_4
D:8:      layout_basic, chequers_serial_rivers_small_3, minmay_puff
D:9:      layout_loops_ring, kennysheep_orc_monster_closet_entryway,
          minivault_16
D:10:     layout_layer_cave, lair_entry_dummy, uniq_maggie, uniq_nergalle,
          uniq_fannar
D:11:     layout_gridville
D:12:     layout_gridville, tso_altar
D:13:     layout_rooms, hangedman_vaults_entry_quadrant_bands,
          due_unseen_surprise
Orc:1:    layout_caves
Orc:2:    st_orc_ogre_mass, layout_caves, serial_shops, bzr_entry_road,
          uniq_saint_roka

Skill      XL: |  1  2  3  4  5  6  7  8  9 10 11 12 |
---------------+-------------------------------------+-----
Maces & Flails | 2 3 4 5 6 8 9 10 12 | 12.2
Armour         | 3 4 5 6 7 8 |  8.8
Fighting       | 4 5 6 7 9 10 12 | 12.5
Stealth        | 1 |  1.4
Shields        | 3 4 5 6 |  6.3
Dodging        | 1 2 |  2.4

Action                   |  1- 3 |  4- 6 |  7- 9 | 10-12 | 13-15 || total
-------------------------+-------+-------+-------+-------+-------++-------
Melee: Flail             |   110 |    62 |       |    97 |    64 ||   333
       Morningstar       |       |   119 |   427 |   651 |    21 ||  1218
       Whip              |       |       |       |     5 |       ||     5
Throw: Throwing net      |       |     2 |       |       |       ||     2
Evoke: Wand              |       |       |    13 |    20 |    11 ||    44
  Use: Scroll            |     1 |     5 |    11 |    13 |     2 ||    32
 Stab: Held in net/web   |       |     3 |       |       |       ||     3
Armor: Scale mail        |    25 |       |       |       |       ||    25
       Chain mail        |    31 |   130 |   250 |    55 |       ||   466
       Plate armour      |       |       |       |   467 |    36 ||   503
Dodge: Dodged            |    44 |    85 |   295 |   484 |    53 ||   961
Block: Buckler           |    27 |    58 |   140 |   263 |    15 ||   503
